 Dungeon Crawl Stone Soup version 0.31.0-11-ge490571c62 (webtiles) character file.

Game seed: 10279939792663413059

120120 booth the Executioner (level 16, -9/149 HPs)
             Began as a Hill Orc Monk on Jan 30, 2024.
             Was a High Priest of Beogh.
             Mangled by a shock serpent (12 damage)
             ... on level 4 of the Snake Pit on Feb 4, 2024.
             The game lasted 03:22:41 (34244 turns).

booth the Executioner (Hill Orc Monk)              Turns: 34244, Time: 03:22:42

Health: -9/149     AC: 24    Str: 22    XL:     16   Next: 81%
Magic:  0/27       EV: 11    Int: 12    God:    Beogh [*****.]
Gold:   738        SH:  7    Dex: 13    Spells: 15/15 levels left

rFire   + . .        X - +8 mithril axe "Arga" {speed, Will+}
rCold   + + .        K - +0 kite shield {reflect}
rNeg    . . .        H - +7 Kryia's mail coat {PotionHeal*2 rC+}
rPois   +            P - +1 helmet
rElec   .            (no cloak)
rCorr   .            g - +1 pair of gloves
SInv    .            b - +1 pair of boots
Will    ++...        k - amulet of guardian spirit Stlth
                     e - ring "Fywuxuch" {+Blink rF+ rC+ Int+2}
HPRegen 0.44/turn    y - ring of poison resistance
MPRegen 0.20/turn

%: reflection, guardian spirit
@: lethally poisoned (-9 -> -36), weakened, slowed, very slow
A: walk on water
a: Renounce Religion, Evoke Blink, Smiting, Recall Orcish Followers, Give Item
to Named Follower


You were on level 4 of the Snake Pit.
You worshipped Beogh.
Beogh was extremely pleased with you.
You visited 4 branches of the dungeon, and saw 26 of its levels.
You also visited: Bailey.

You collected 3050 gold pieces.
You spent 2312 gold pieces at shops.

Inventory:

Hand Weapons
 d - the +4 flail "Duliq" {holy, rElec Dex+4 SInv}
   (You found it on level 5 of the Lair of Beasts)

   Dex+4:     It affects your dexterity (+4).
   rElec:     It insulates you from electricity.
   SInv:      It lets you see invisible.
 J - the +5 war axe of Impermanence {elec, *Rage rN+++ Int-3 SInv}
   (You took it off a crimson imp on level 13 of the Dungeon)

   Int-3:     It affects your intelligence (-3).
   rN+++:     It renders you almost immune to negative energy.
   SInv:      It lets you see invisible.
   *Rage:     It berserks you when you make melee attacks (+20% chance).
 N - the +6 mace "Jyge" {antimagic, rElec}
   (You found it on level 13 of the Dungeon)

   rElec:     It insulates you from electricity.
 V - a +1 dire flail of protection
 X - the +8 mithril axe "Arga" (weapon) {speed, Will+}
   (You bought it in a shop on level 2 of the Orcish Mines)

   Will+:     It increases your willpower.
 Y - a +0 battleaxe
 Z - a +4 great mace of holy wrath
Missiles
 a - 25 poisoned darts
 z - 4 curare-tipped darts
 O - 3 javelins
 R - 10 boomerangs (quivered)
Armour
 b - a +1 pair of boots (worn)
 g - a +1 pair of gloves (worn)
 B - a +2 plate armour of cold resistance
 H - the +7 Kryia's mail coat (worn) {PotionHeal*2 rC+}
   (You found it in a bailey)

   PotionHeal*2: Potions heal its wearer twice as much.
   rC+:       It protects you from cold.
 K - a +0 kite shield of reflection (worn)
 P - a +1 helmet (worn)
 W - a +1 plate armour of willpower
Jewellery
 e - the ring "Fywuxuch" (left hand) {+Blink rF+ rC+ Int+2}
   (You bought it in a shop on level 4 of the Snake Pit)

   [ring of protection from fire]

   Int+2:     It affects your intelligence (+2).
   rF+:       It protects you from fire.
   rC+:       It protects you from cold.
   +Blink:    It lets you blink.
 k - an amulet of guardian spirit (around neck)
 m - a ring of willpower
 y - a ring of poison resistance (right hand)
 L - a ring of see invisible
Wands
 c - a wand of flame (27)
 q - a wand of light (18)
 E - a wand of mindburst (3)
 G - a wand of polymorph (14)
 S - a wand of charming (9)
 U - a wand of iceblast (7)
Scrolls
 f - 6 scrolls of fog
 h - 10 scrolls of teleportation
 i - a scroll of silence
 l - 2 scrolls of blinking
 r - 2 scrolls of revelation
 D - a scroll of torment
 I - 2 scrolls of poison
 M - 4 scrolls of fear
 Q - 19 scrolls of identify
 T - 3 scrolls of immolation
Potions
 j - a potion of berserk rage
 o - 5 potions of brilliance
 p - 2 potions of haste
 t - 10 potions of curing
 v - 2 potions of might
 w - a potion of resistance
 x - 5 potions of ambrosia
 A - 2 potions of enlightenment
 C - 3 potions of attraction
 F - 3 potions of invisibility


   Skills:
 + Level 15.2 Fighting
 + Level 21.1 Axes
 + Level 10.5 Throwing
 + Level 13.0 Armour
 + Level 6.9 Dodging
 + Level 15.8 Invocations


You had 15 spell levels left.
You didn't know any spells.
Your spell library contained the following spells:

 Spells                   Type           Power      Damage    Failure   Level
 Apportation              Tloc           0%         N/A       87%         1
 Freeze                   Ice            0%         1d3       87%         1
 Necrotise                Necr           0%         1d4       87%         1
 Sting                    Conj/Alch      0%         1d3       87%         1
 Summon Small Mammal      Summ           0%         N/A       87%         1
 Call Imp                 Summ           0%         N/A       95%         2
 Cigotuvi's Dreadful Rot  Necr/Alch/Air  0%         N/A       95%         2
 Jinxbite                 Hex            0%         N/A       95%         2
 Mercury Vapours          Alch/Air       0%         N/A       95%         2
 Sublimation of Blood     Necr           0%         N/A       95%         2
 Dazzling Flash           Conj/Hex       0%         N/A       99%         3
 Frozen Ramparts          Ice            0%         1d1       99%         3
 Hailstorm                Conj/Ice       0%         3d5       99%         3
 Mephitic Cloud           Conj/Alch/Air  0%         N/A       99%         3
 Stone Arrow              Conj/Erth      0%         3d7       99%         3
 Vampiric Draining        Necr           0%         2d6       99%         3
 Animate Armour           Summ/Erth      0%         N/A       100%        4
 Dispel Undead            Necr           0%         3d6       100%        4
 Martyr's Knell           Necr/Summ      0%         N/A       100%        4
 Olgreb's Toxic Radiance  Alch           0%         N/A       100%        4
 Summon Lightning Spire   Summ/Air       0%         N/A       100%        4
 Vhi's Electric Charge    Tloc/Air       0%         N/A       100%        4
 Arcjolt                  Conj/Air       0%         1d10      100%        5
 Curse of Agony           Necr           0%         N/A       100%        5
 Lee's Rapid Deconstruct  Erth           0%         3d4*      100%        5
 Silence                  Hex/Air        0%         N/A       100%        5
 Summon Forest            Summ/Tloc      0%         N/A       100%        5
 Summon Mana Viper        Hex/Summ       0%         N/A       100%        5
 Yara's Violent Unravell  Hex/Alch       0%         3d3       100%        5
 Death Channel            Necr           0%         N/A       100%        6
 Plasma Beam              Fire/Air       0%         2x1d10    100%        6
 Summon Cactus Giant      Summ           0%         N/A       100%        6
 Enfeeble                 Hex            0%         N/A       100%        7
 Summon Hydra             Summ           0%         N/A       100%        7
 Lehudib's Crystal Spear  Conj/Erth      0%         10d2      100%        8


Dungeon Overview and Level Annotations

Branches:
Dungeon (15/15) Temple (0/1) D:4 Lair (5/5) D:11 Shoals (0/4) Lair:1 Lair:2 Snake (4/4) Lair:3 Slime (0/5) Lair:4 Orc (2/2) D:11 Elf (0/3) Orc:2 Vaults (0/5) D:13 Depths (0/4) D:15 Bailey (visited)

Altars:
Cheibriados
Dithmenos
Nemelex Xobeh
Okawaru
Qazlal
Ru
Vehumet
Xom
Yredelemnul
Beogh
Jiyva

Shops:
D:10 ?   D:12 :   Orc:2 [*!!   Snake:4 =!=(

Annotations:
D:5 3 runed translucent doors, DeathSocks's ghost, novice DsBr
D:6 exclusion: statue
D:15 4 runed translucent doors, Ver Nao's ghost, journeyman OpSh
Snake:3 Saint Roka


Message History

You feel very sick.
The mana viper hisses angrily.
The naga sharpshooter shouts!
The naga warrior shouts!
The nagaraja shouts!
The naga warrior shouts!
The guardian serpent shouts!
The nagaraja spits poison at you.
The splash of poison hits you but does no damage.
You are lethally poisoned!
You resist.
The nagaraja constricts Beowulf.
Bogbrand hits the nagaraja but does no damage.
The naga warrior hits Beowulf but does no damage.
Beowulf blocks the salamander tyrant's attack.
Beowulf hits the salamander tyrant with a +4 trident of draining!!
The salamander tyrant dies!
Beogh accepts your kill. The nagaraja spits poison at you.
The splash of poison misses you.
The nagaraja constricts Beowulf.
Bogbrand hits the nagaraja with a +2 halberd of flaming!
Bogbrand burns the nagaraja.
* * * LOW HITPOINT WARNING * * *
You feel extremely sick.
The naga sharpshooter no longer looks unusually strong.
The nagaraja gestures at Bogbrand while chanting.
The poison arrow hits Bogbrand!!
Bogbrand looks as sick as possible!
The nagaraja constricts Beowulf.
Beowulf blocks the mana viper's attack.
The naga warrior barely misses Bogbrand.
The naga warrior grabs Bogbrand.
The naga warrior constricts Bogbrand.
The naga sharpshooter unwields a +2 vampiric battleaxe.
The naga sharpshooter wields a +0 longbow.
The naga sharpshooter shoots an arrow.
The arrow hits you!
* * * LOW HITPOINT WARNING * * *
The nagaraja spits poison at Bogbrand.
The splash of poison hits Bogbrand!!
Bogbrand looks as sick as possible!
The nagaraja constricts Beowulf.
The naga warrior hits Bogbrand with a +0 trident!!
The naga warrior constricts Bogbrand.
The shock serpent bites you.
* * * LOW HITPOINT WARNING * * *
The shock serpent shocks you!
You die...

...∩.....######.######'#+#...##..
.#...#....o..#### #...#..####.
###.########....# ##...#..# ##
.#...#..........####.#...#### #
.##.##..##...........##....'# #
..#.#.#####..........#...#### ###
..#.### #..).......#...# ####..
.....# #.)))..##..#'#####.....
..<..# #..<..@S...............
.....######.)..##')##............
#.....##...)).##.)).##...........
..........)..##...)..##.........#
............##..)##.oN##.......##
###........##...####NoS##......##
#.......##...##..##)NS##......#
#......##..§##....##NNN##......
#.....##....#......#N§..##.....


You could see a nagaraja (fast, distracted, ally target), 2 naga warriors, a
naga sharpshooter, a salamander, a shock serpent (ally target), a mana viper, a
guardian serpent, the friendly Beowulf the orc warlord (strong, very poisoned)
and the friendly Bogbrand the orc knight (strong, extremely poisoned).

Vanquished Creatures
  A nagaraja (Snake:4)
  Louise (Snake:3)
  A catoblepas (Lair:5)
  A hydra (D:13)
  3 anacondas
  2 centaur warriors
  4 two-headed ogres
  6 naga warriors
  A naga sharpshooter (Snake:3)
  An orc high priest (Orc:2)
  4 death yaks
  2 shock serpents (Snake:4)
  A salamander mystic (Snake:3)
  4 skysharks
  2 skeletal warriors
  2 arcanists
  3 mana vipers
  A naga ritualist (Snake:4)
  A lindwurm (Lair:2)
  A necromancer (D:15)
  A cyclops (D:12)
  3 salamanders
  4 ugly things
  4 elephants
  3 meliai
  A kobold blastminer (Orc:2)
  13 black mambas
  A naga mage (Snake:3)
  2 torpor snails
  Jeremiah (Lair:1)
  An efreet (D:14)
  4 cane toads
  4 komodo dragons
  A kobold demonologist (D:14)
  3 polar bears (Lair:1)
  A troll (D:13)
  A queen bee (Lair:5)
  7 blink frogs
  A spriggan zombie (D:15)
  2 slime creatures
  14 yaks
  2 shadows (D:11)
  A wyvern (D:6)
  A warg (Orc:2)
  3 water elementals
  3 steam dragons
  3 vampire mosquitoes
  10 nagas
  Menkaure (D:7)
  10 water moccasins
  8 orc warriors
  2 sky beasts
  3 black bears
  A laughing skull (D:14)
  4 ogres
  3 centaurs
  7 wolves
  3 kobold brigands
  7 bullfrogs
  A gnoll sergeant (D:6)
  2 scorpions
  A wight (D:8)
  12 killer bees
  2 howler monkeys
  4 electric eels
  2 crimson imps
  5 orc priests
  A bombardier beetle (D:5)
  A hound (D:5)
  3 jellies
  5 iguanas
  A sleepcap (D:5)
  9 orc wizards
  2 ogre zombies (D:11)
  7 adders
  4 gnolls (D:6)
  2 shadow imps
  A white imp (D:7)
  3 ufetubi
  2 dart slugs
  19 orcs
  6 endoplasms
  4 giant cockroaches
  10 goblins
  8 hobgoblins
  3 jackals (D:2)
  21 kobolds
  5 quokkas
  4 ball pythons
  4 bats (D:1)
  8 frilled lizards
  An orc skeleton (D:11)
  7 orc zombies (D:11)
  4 rats
360 creatures vanquished.

Vanquished Creatures (collateral kills)
  Bai Suzhen (Snake:3)
  Vashnia (Snake:3)
  Mlioglotl (Snake:3)
  Agnes (Snake:1)
  A nagaraja (Snake:2)
  Nessos (Lair:5)
  A dire elephant (Lair:5)
  Snorg (Orc:1)
  A salamander tyrant (Snake:4)
  4 hydras
  2 centaur warriors
  4 anacondas
  4 two-headed ogres
  2 boulder beetles (D:15)
  13 death yaks
  A tengu warrior (D:14)
  2 orc high priests (Orc:2)
  A demonic crawler (D:13)
  7 naga warriors
  A deep troll shaman (Lair:5)
  5 shock serpents
  A skyshark (Lair:4)
  8 naga sharpshooters
  6 skeletal warriors
  A spark wasp zombie (D:15)
  2 arcanists (D:13)
  4 mana vipers (Snake:4)
  A flayed ghost (D:15)
  5 naga ritualists
  3 orc knights
  A deep elf pyromancer (D:14)
  2 orc sorcerers
  12 ugly things
  4 salamanders
  9 elephants
  3 meliai
  3 cyclopes
  2 manticores (D:12)
  16 black mambas
  4 kobold blastminers
  2 guardian serpents (Snake:4)
  10 naga magi
  8 cane toads
  A cane toad (shapeshifter) (D:13)
  2 torpor snails
  An unseen horror (D:11)
  3 kobold demonologists
  2 rime drakes (Lair:1)
  12 komodo dragons
  A freezing wraith (D:14)
  A red devil (D:13)
  2 hellwings (D:13)
  A tengu conjurer (D:14)
  7 trolls
  2 hornets
  3 polar bears
  11 blink frogs
  A raiju (shapeshifter) (D:14)
  7 dream sheep (Lair:5)
  6 slime creatures
  25 yaks
  A vampire (D:13)
  2 wraiths
  2 wyverns
  6 vampire mosquitoes
  A warg (Orc:2)
  4 basilisks
  A two-headed ogre zombie (D:11)
  8 water moccasins
  23 nagas
  An acid dragon (D:11)
  15 orc warriors
  4 black bears
  12 wolves
  A laughing skull (D:14)
  An ogre (Orc:1)
  8 centaurs
  A phantom (D:11)
  A kobold brigand (D:8)
  5 bullfrogs
  2 wights (D:8)
  2 troll zombies (D:11)
  17 killer bees
  2 howler monkeys
  4 electric eels
  2 crimson imps (D:13)
  2 quasits (D:13)
  4 iron imps (D:13)
  12 orc priests (Orc:2)
  A sleepcap (D:7)
  5 orc wizards
  3 ogre zombies (D:11)
  3 shadow imps
  3 white imps
  An ufetubus (D:13)
  A ribbon worm (D:10)
  9 orcs
  5 giant cockroaches (D:13)
  A gnoll zombie (D:11)
  2 hobgoblins (Bailey)
  4 kobolds
  2 gnoll skeletons (D:11)
  5 goblins
  3 orc skeletons (D:11)
  11 orc zombies (D:11)
453 creatures vanquished.

Vanquished Creatures (others)
  Saint Roka (Snake:3)
  2 orc high priests
  6 orc knights
  2 orc sorcerers (Orc:2)
  4 orc warriors
  16 orc priests
  13 orc wizards
  45 orcs
  2 ufetubi (D:7)
91 creatures vanquished.

Grand Total: 904 creatures vanquished

Notes
Turn   | Place    | Note
-------+----------+-------------------------------------------
     0 | D:1      | booth the Hill Orc Monk began the quest for the Orb.
     0 | D:1      | Reached XP level 1. HP: 19/19 MP: 1/1
   185 | D:1      | Reached XP level 2. HP: 25/27 MP: 2/2
   429 | D:1      | Reached XP level 3. HP: 21/33 MP: 3/3
   801 | D:1      | Reached skill level 5 in Axes
  1700 | D:2      | Reached XP level 4. HP: 41/41 MP: 4/4
  2650 | D:4      | Reached skill level 6 in Axes
  2650 | D:4      | Reached XP level 5. HP: 25/47 MP: 5/5
  2766 | D:4      | Found a staircase to the Ecumenical Temple.
  2767 | D:4      | Became a worshipper of Beogh the Brigand
  2767 | D:4      | Reached * piety under Beogh
  2767 | D:4      | Reached ** piety under Beogh
  2805 | D:4      | Reached skill level 5 in Fighting
  3261 | D:4      | Noticed an ogre
  3277 | D:4      | Killed an ogre
  3278 | D:4      | Reached skill level 7 in Axes
  3278 | D:4      | Reached XP level 6. HP: 52/56 MP: 6/6
  3579 | D:5      | Entered Level 5 of the Dungeon
  3841 | D:5      | Reached skill level 8 in Axes
  4297 | D:5      | Found a runed translucent gate.
  4297 | D:5      | Found a runed translucent gate.
  4297 | D:5      | Found a runed translucent gate.
  4299 | D:5      | Noticed DeathSocks's ghost (novice DsBr)
  4307 | D:5      | Noticed a water moccasin
  4324 | D:5      | Killed a water moccasin
  4325 | D:5      | Reached XP level 7. HP: 11/64 MP: 7/7
  4540 | D:5      | Reached skill level 9 in Axes
  5312 | D:6      | Reached skill level 1 in Armour
  5312 | D:6      | Reached skill level 1 in Invocations
  5312 | D:6      | Reached XP level 8. HP: 39/73 MP: 8/8
  5361 | D:6      | Reached skill level 10 in Axes
  6665 | D:6      | Reached skill level 11 in Axes
  6759 | D:6      | Found a radiant altar of Vehumet.
  7111 | D:7      | Noticed Menkaure
  7114 | D:7      | Noticed a wyvern
  7120 | D:6      | Reached XP level 9. HP: 44/81 MP: 10/12
  7457 | D:7      | Reached *** piety under Beogh
  7634 | D:7      | Killed Menkaure
  7635 | D:7      | Reached skill level 12 in Axes
  7642 | D:7      | Reached skill level 5 in Invocations
  7998 | D:7      | Found a stormy altar of Qazlal.
  8209 | D:8      | Reached skill level 1 in Throwing
  8229 | D:8      | Reached skill level 5 in Armour
  8229 | D:8      | Reached XP level 10. HP: 60/91 MP: 14/14
  8240 | D:8      | Reached skill level 13 in Axes
  8381 | D:8      | Identified the +0 plate armour of the Farmer {rPois rCorr}
  8424 | D:8      | Found a basalt altar of Yredelemnul.
  8443 | D:8      | Found a sacrificial altar of Ru.
  8468 | D:8      | Gained Ognian as an ally
  8537 | D:8      | Found a shadowy altar of Dithmenos.
  8554 | D:8      | Reached **** piety under Beogh
  8624 | D:8      | Found a shimmering altar of Xom.
  8634 | D:8      | Found a flagged portal.
  8661 | Bailey   | Entered a bailey
  8885 | Bailey   | Noticed an orc high priest
  8932 | Bailey   | Noticed a rust devil
  8932 | Bailey   | Noticed a rust devil
  9262 | Bailey   | Found an iron altar of Okawaru.
  9264 | Bailey   | Noticed a kobold demonologist
  9280 | Bailey   | Killed a kobold demonologist
  9414 | Bailey   | Found the +7 Kryia's mail coat {PotionHeal*2 rC+}
  9462 | Bailey   | Noticed an orc knight
  9475 | Bailey   | Killed an orc knight
 10398 | D:8      | Paralysed by a hornet for 1 turns
 10689 | D:8      | Reached skill level 14 in Axes
 10998 | D:9      | Noticed a two-headed ogre
 11002 | D:9      | Noticed a green ugly thing
 11002 | D:9      | Killed a two-headed ogre
 11011 | D:9      | Killed a green ugly thing
 11014 | D:9      | Gained Koronagh as an ally
 11128 | D:9      | Acquired 579 gold pieces
 11140 | D:9      | Noticed a two-headed ogre
 11149 | D:9      | Killed a two-headed ogre
 11150 | D:9      | Reached skill level 10 in Fighting
 11150 | D:9      | Reached XP level 11. HP: 58/99 MP: 16/16
 11486 | D:9      | Found a sparkling altar of Nemelex Xobeh.
 11551 | D:9      | Noticed a two-headed ogre
 11565 | D:9      | Killed a two-headed ogre
 11716 | D:9      | Found a stormy altar of Qazlal.
 11805 | D:9      | Reached skill level 15 in Axes
 12153 | D:9      | Reached skill level 16 in Axes
 12153 | D:9      | Reached skill level 5 in Throwing
 12153 | D:9      | Reached skill level 10 in Invocations
 12153 | D:9      | Reached XP level 12. HP: 107/107 MP: 17/19
 12207 | D:10     | Entered Level 10 of the Dungeon
 12220 | D:10     | Found a snail-covered altar of Cheibriados.
 12513 | D:10     | Found Iliyfeso's Magic Scroll Boutique.
 12518 | D:10     | Bought a scroll of identify for 26 gold pieces
 12518 | D:10     | Bought a scroll of identify for 26 gold pieces
 12947 | D:11     | Noticed a centaur warrior
 12953 | D:11     | Reached ***** piety under Beogh
 12958 | D:11     | Killed a centaur warrior
 12964 | D:11     | Your ally Koronagh died
 13081 | D:11     | Found a gate leading to a gauntlet.
 13126 | D:11     | Your ally Ognian died
 13180 | D:11     | Found a staircase to the Orcish Mines.
 13495 | D:11     | Found a staircase to the Lair.
 13915 | Lair:1   | Entered Level 1 of the Lair of Beasts
 13962 | Lair:1   | Gained Beowulf as an ally
 14131 | Lair:1   | Reached skill level 17 in Axes
 14266 | Lair:1   | Noticed Jeremiah
 14309 | Lair:1   | Killed Jeremiah
 15009 | Lair:2   | Found a staircase to the Shoals.
 15044 | Lair:2   | Reached XP level 13. HP: 99/116 MP: 21/21
 15697 | Lair:2   | Identified the +6 ring mail "Segaacwa" {rC+}
 15783 | Lair:2   | HP: 2/116 [death yak (16)]
 15799 | Lair:2   | Gained Norbak as an ally
 15959 | Lair:2   | Reached skill level 18 in Axes
 16216 | Lair:2   | Identified the +4 ring mail of the Apprentice {Will- Int+4
                  | Stlth+}
 17485 | Lair:3   | Found a staircase to the Snake Pit.
 18126 | Lair:4   | Reached ****** piety under Beogh
 18375 | Lair:4   | Found a viscous altar of Jiyva.
 18375 | Lair:4   | Found a staircase to the Slime Pits.
 18457 | Lair:4   | Reached skill level 10 in Armour
 18552 | Lair:4   | Reached skill level 19 in Axes
 18552 | Lair:4   | Reached XP level 14. HP: 92/127 MP: 23/23
 19220 | Lair:5   | Entered Level 5 of the Lair of Beasts
 19368 | Lair:5   | Gained Orbeogh as an ally
 19395 | Lair:5   | Noticed a dire elephant
 19398 | Lair:5   | Killed a dire elephant
 19561 | Lair:5   | Identified the +4 flail "Duliq" {holy, rElec Dex+4 SInv}
 19886 | Lair:5   | Noticed Nessos
 19894 | Lair:5   | Your ally Orbeogh died
 20509 | Lair:5   | Killed Nessos
 21546 | D:12     | Found an iron altar of Okawaru.
 21562 | D:12     | Found Famomucw's Book Shop.
 22299 | Orc:1    | Entered Level 1 of the Orcish Mines
 22595 | Orc:1    | Paralysed by an orc sorcerer for 3 turns
 22742 | Orc:1    | Found a roughly hewn altar of Beogh.
 22791 | Orc:1    | Noticed Snorg
 22798 | Orc:1    | Killed Snorg
 22806 | Orc:1    | Gained Ugrim as an ally
 23129 | Orc:2    | Entered Level 2 of the Orcish Mines
 23150 | Orc:2    | Gained Grimold as an ally
 23446 | Orc:2    | Found a staircase to the Elven Halls.
 23707 | Orc:2    | Found Saast's General Store.
 23711 | Orc:2    | Found Emettoed's Antique Armour Shoppe.
 23713 | Orc:2    | Found Valugam's Distillery.
 23720 | Orc:2    | Found Ysebrame's Distillery.
 23722 | Orc:2    | Bought the +8 mithril axe "Arga" {speed, Will+} for 904
                  | gold pieces
 23722 | Orc:2    | Found the +8 mithril axe "Arga" {speed, Will+}
 23725 | Orc:2    | Bought a potion of curing for 42 gold pieces
 23725 | Orc:2    | Bought a potion of heal wounds for 70 gold pieces
 23725 | Orc:2    | Bought a potion of curing for 42 gold pieces
 24128 | D:13     | Identified the +5 war axe of Impermanence {elec, *Rage
                  | rN+++ Int-3 SInv}
 24133 | D:13     | Reached XP level 15. HP: 136/136 MP: 25/25
 24182 | D:13     | Identified the +6 mace "Jyge" {antimagic, rElec}
 24318 | D:13     | Identified the +5 sling of Tamm {heavy, rElec Dex+4}
 24572 | D:13     | Your ally Norbak died
 25023 | D:13     | Reached skill level 20 in Axes
 25143 | D:13     | Reached skill level 5 in Dodging
 25289 | D:13     | Found a gate to the Vaults.
 25500 | D:13     | Your ally Ugrim died
 26613 | D:15     | Entered Level 15 of the Dungeon
 26625 | D:15     | Noticed a storm dragon
 26628 | D:15     | Found a runed translucent door.
 26896 | D:15     | Found a runed translucent gate.
 26901 | D:15     | Found a runed translucent gate.
 26904 | D:15     | Found a runed translucent gate.
 26904 | D:15     | Noticed Ver Nao's ghost (journeyman OpSh)
 27273 | D:15     | Found a staircase to the Depths.
 27803 | D:15     | Found a viscous altar of Jiyva.
 28125 | Snake:1  | Entered Level 1 of the Snake Pit
 28294 | Snake:1  | Noticed Agnes
 28301 | Snake:1  | Killed Agnes
 29127 | Snake:2  | Your ally Grimold died
 29296 | Snake:2  | Gained Borgk as an ally
 29419 | Snake:2  | Reached XP level 16. HP: 145/147 MP: 27/27
 29443 | Snake:2  | Reached skill level 15 in Invocations
 30017 | Snake:2  | Noticed a nagaraja
 30026 | Snake:2  | Killed a nagaraja
 30370 | Snake:3  | Noticed Saint Roka
 30382 | Snake:3  | Gained Bogbrand as an ally
 30385 | Snake:3  | Noticed Mlioglotl
 30385 | Snake:3  | Your ally Ugrim died
 30399 | Snake:3  | Your ally Borgk died
 30402 | Snake:3  | Your ally Saint Roka died
 30404 | Snake:3  | Your ally Bogbrand died
 30408 | Snake:3  | Killed Mlioglotl
 30409 | Snake:3  | Reached skill level 10 in Throwing
 30953 | Snake:3  | Noticed Louise
 30966 | Snake:3  | Killed Louise
 31084 | Snake:3  | Identified the dragon-blood talisman of the Mantidfly {rC+
                  | rCorr Int+3}
 31084 | Snake:3  | Noticed Bai Suzhen
 31101 | Snake:3  | Killed Bai Suzhen
 31611 | Snake:3  | Noticed Vashnia
 31627 | Snake:3  | Killed Vashnia
 32672 | Snake:4  | Entered Level 4 of the Snake Pit
 33168 | Snake:4  | Reached skill level 15 in Fighting
 33208 | Snake:4  | Reached skill level 21 in Axes
 33642 | Snake:4  | Found Ehothonell's Jewellery Shop.
 33660 | Snake:4  | Found Iteu's Antique Weapon Shoppe.
 33773 | Snake:4  | Bought the ring "Fywuxuch" {+Blink rF+ rC+ Int+2} for 1004
                  | gold pieces
 34031 | Snake:4  | Found Fasepunn's Jewellery Shop.
 34036 | Snake:4  | Found Moiroemo's Distillery.
 34046 | Snake:4  | Bought a potion of curing for 66 gold pieces
 34046 | Snake:4  | Bought a potion of curing for 66 gold pieces
 34046 | Snake:4  | Bought a potion of curing for 66 gold pieces
 34223 | Snake:4  | Noticed a nagaraja
 34234 | Snake:4  | Killed a nagaraja
 34234 | Snake:4  | Noticed a nagaraja
 34241 | Snake:4  | Noticed a nagaraja
 34244 | Snake:4  | HP: 4/149 [naga sharpshooter/arrow (7)]
 34244 | Snake:4  | Mangled by a shock serpent

Illustrated notes

Levels and vault maps discovered:
D:1:      ncdulo_wetmaze, layout_loops_ring, hangedman_decor_diamond_cutter
D:2:      layout_loops_ring
D:3:      layout_loops_corners
D:4:      layout_loops_cross, minmay_temple_entry_proselytizer
D:5:      layout_layer_cave, gammafunk_ghost_nasty_kobolds
D:6:      layout_basic, vehumet_statue
D:7:      layout_rooms, nicolae_qazlal_style_of_elements, wad_rectangle_vault,
          uniq_menkaure
D:8:      layout_loops_cross, yredelemnul_altar_generic,
          mainiacjoe_overflow_catch_the_wave, mainiacjoe_overflow_catwalk,
          enter_bailey_3, kennysheep_generic_room_13
D:9:      layout_long_grid, hangedman_feature_mirror
D:10:     layout_loops_ring, slow_altar_2, serial_shops,
          nicolae_shop_pleasant_corner_grove
D:11:     layout_loops_ring, david_lair_shrubbed, zombieorc2_lemuel,
          gauntlet_entry_generic
D:12:     layout_cave_pods, serial_shops, nicolae_square_shop,
          okawaru_metal_pillars_1_2
D:13:     kennysheep_tiny_hell, layout_long_grid, david_vaults_1, serial_bayou,
          serial_bayou_shore_b, serial_bayou_lagoon_b, serial_bayou_pond_e,
          serial_bayou_shore_b
D:14:     layout_loops_ring, serial_bayou_shore_a, lightli_wizard_tower
D:15:     gammafunk_depths_entry_grave, layout_gridville, minivault_25,
          gammafunk_ghost_ooze, minmay_st_funbox
Lair:1:   layout_small_grid, minivault_11, chequers_serial_rivers_large_a,
          cheibrodos_lair_lostbears, uniq_jeremiah
Lair:2:   layout_long_grid, shoals_dummy_entry, nicolae_volcano_entry_two_sided,
          nzn_random_ring, grunt_megastairs_2, infiniplex_staircase_pool_2
Lair:3:   layout_concentric_octagons, nicolae_snake_entry_squirm
Lair:4:   layout_cave_pods, dpeg_slime_entry_enclosed
Lair:5:   grunt_lair_end_beastmaster, layout_gridlike, special_room
          [special_room_bee], uniq_nessos
Snake:1:  layout_misc_corridors, serial_bayou_shore_b, grunt_megastairs_5,
          uniq_agnes
Snake:2:  layout_basic
Snake:3:  layout_misc_corridors, drop_trap, uniq_saint_roka, uniq_vashnia,
          uniq_mlioglotl, uniq_bai_suzhen, uniq_louise
Snake:4:  johnstein_snake_rune_scales, layout_cave_town, serial_shops, shop,
          shop, st_stairs_9, minmay_shop_star
Orc:1:    layout_caves, basic_altar, serial_shops, nicolae_orc_stalacmites,
          uniq_snorg
Orc:2:    st_orc_mages, layout_diamond_mine

Skill      XL: |  1  2  3  4  5  6  7  8  9 10 11 12 13 14 15 16 |
---------------+-------------------------------------------------+-----
Fighting       | 4 5 6 7 9 10 11 12 13 14 15 | 15.2
Axes           | 5 6 7 8 9 11 12 14 16 17 19 20 21 | 21.1
Armour         | 1 3 5 6 7 8 10 11 12 13 | 13.0
Invocations    | 1 4 6 7 10 11 12 13 14 15 | 15.8
Throwing       | 1 3 5 6 7 8 9 10 | 10.5
Dodging        | 4 5 6 |  6.9

Action                     |  1- 3 |  4- 6 |  7- 9 | 10-12 | 13-15 | 16-18 || total
---------------------------+-------+-------+-------+-------+-------+-------++-------
  Melee: Hand axe          |   154 |   141 |       |       |       |       ||   295
         War axe           |       |    13 |   233 |   255 |       |       ||   501
         Punch             |       |       |       |     6 |     9 |       ||    15
         Broad axe         |       |       |       |    62 |   653 |   180 ||   895
         Dire flail        |       |       |       |       |    11 |       ||    11
         Flail             |       |       |       |       |    33 |       ||    33
  Throw: Boomerang         |       |     1 |    27 |    16 |    23 |     4 ||    71
         Javelin           |       |       |       |       |    14 |       ||    14
 Invoke: Convert to Beogh  |       |     1 |       |       |       |       ||     1
         Smiting           |       |       |     1 |       |    14 |       ||    15
         Recall Orcish Fol |       |       |       |     3 |    15 |     1 ||    19
         Stop Recall       |       |       |       |       |     6 |       ||     6
         Give Item to Name |       |       |       |       |     5 |     1 ||     6
         Resurrection      |       |       |       |       |     1 |     1 ||     2
  Evoke: Wand              |       |       |       |       |     1 |       ||     1
    Use: Scroll            |     1 |     7 |     4 |     9 |    15 |     2 ||    38
         Potion            |       |     2 |     2 |     1 |     4 |     5 ||    14
   Stab: Distracted        |       |       |     1 |     9 |    16 |     7 ||    33
         Petrifying        |       |       |       |       |     1 |       ||     1
 Armour: Leather armour    |    78 |    96 |    89 |       |       |       ||   263
         Robe              |     2 |       |       |       |       |       ||     2
         Ring mail         |       |       |    99 |    85 |       |       ||   184
         Scale mail        |       |       |       |   146 |   604 |   186 ||   936
  Dodge: Dodged            |    91 |    79 |   169 |   185 |   493 |   139 ||  1156
  Block: Kite shield       |       |       |       |       |    16 |    89 ||   105
         Reflection        |       |       |       |       |     3 |    12 ||    15
